 Dungeon Crawl Stone Soup version 0.19-a0-1861-g35def1e (webtiles) character file.

114 Naow the Magician (level 4, -2/24 HPs)
             Began as a Deep Elf Conjurer on Oct 12, 2016.
             Slain by a gnoll
             ... wielding a +0 halberd
              (14 damage)
             ... on level 3 of the Dungeon.
             The game lasted 00:02:06 (1360 turns).

Naow the Magician (Deep Elf Conjurer)               Turns: 1360, Time: 00:02:06

Health: -2/24      AC:  2    Str:  5    XL:     4   Next: 66%
Magic:  1/14       EV: 13    Int: 21    God:
Gold:   124        SH:  0    Dex: 15    Spells: 1 memorised, 15 levels left

rFire  . . .     SeeInvis .     (no weapon)
rCold  . . .     Gourm    .     a - +0 robe
rNeg   . . .     Faith    .     (no shield)
rPois  .         Spirit   .     (no helmet)
rElec  .         Dismiss  .     (no cloak)
rCorr  .         Reflect  .     (no gloves)
MR     .....     Harm     .     (no boots)
Stlth  ++........               (no amulet)
                                (no ring)
                                (no ring)

@: no status effects
A: no striking features
a: no special abilities


You were on level 3 of the Dungeon.
You were not hungry.

You visited 1 branch of the dungeon, and saw 3 of its levels.

You collected 124 gold pieces.

Inventory:

Armour
 a - a +0 robe (worn)
Jewellery
 d - an uncursed ring of protection from magic {unknown}
 k - an uncursed ring of protection from magic {unknown}
Scrolls
 e - a scroll of enchant armour {unknown}
 i - 2 scrolls of blinking {unknown}
 j - 4 scrolls of identify {unknown}
 q - a scroll of immolation {unknown}
 r - a scroll of random uselessness {unknown}
Potions
 f - a potion of flight {unknown}
 g - a potion of brilliance {unknown}
 l - a potion of degeneration {unknown}
 o - a potion of berserk rage {unknown}
 p - a potion of curing
Books
 b - a book of Conjurations

   Spells                             Type                      Level
   a - Magic Dart                     Conjuration                  1
   b - Searing Ray                    Conjuration                  2
   c - Dazzling Spray                 Conjuration/Hexes            3
   d - Fulminant Prism                Conjuration/Hexes            4
   e - Iskenderun's Mystic Blast      Conjuration                  4
   f - Iskenderun's Battlesphere      Conjuration/Charms           5
Comestibles
 c - 2 bread rations
 h - 4 fruits
 m - 4 chunks of flesh
 n - a meat ration


   Skills:
 - Level 2.4 Dodging
 - Level 2.4 Stealth
 + Level 6.7 Spellcasting
 - Level 4.3 Conjurations


You had 15 spell levels left.
You knew the following spells:

 Your Spells              Type           Power        Failure   Level  Hunger
a - Magic Dart            Conj           ####         1%          1    None


Dungeon Overview and Level Annotations

Branches:
Dungeon (3/15)

Altars:


Message History

Your magical contamination has completely faded away.
The rat twitches its whiskers.
Casting: Magic Dart
Confirm with . or Enter, or press ? or * to list all spells.
Aiming: Magic Dart
Press: ? - help, Shift-Dir - straight line, f - gnoll
Aim: a gnoll, wielding a halberd The magic dart hits the gnoll.
The gnoll is moderately wounded.
The gnoll hits you from afar with a halberd.
Casting: Magic Dart
Confirm with . or Enter, or press ? or * to list all spells.
Aiming: Magic Dart
Press: ? - help, Shift-Dir - straight line, f/p - gnoll
Aim: a gnoll, wielding a halberd (moderately wounded)
The magic dart hits the gnoll.
The gnoll is severely wounded.
The gnoll hits you from afar with a halberd!
Ouch! That really hurt!
You die...

######.######..####.#
....................>#
.##########.#.#.#.#######
#...#.........#
#.#.#.#.#.#####
#.#.....#.# #.#.#.###.#
#.#.#.# #.# ....#####
#.#.@.###.# ........#
#.###.....# .......#
#g###.# #.....# #.# #.#
#.....# #.###r###.#
#..r..# #.(.......#
#...)†# ######..#.#
#....(# #..#.# #.....#
####....#


You could see a gnoll and a rat.

Vanquished Creatures
  Ijyb (D:3)
  3 adders
  An ooze (D:2)
  A worm (D:2)
  3 dart slugs
  A leopard gecko (D:2)
  3 orcs
  A ball python (D:3)
  8 bats
  2 giant cockroaches
  6 goblins
  6 hobgoblins
  A quokka (D:2)
  A frilled lizard (D:1)
  2 kobolds
  3 rats
43 creatures vanquished.

Notes
Turn   | Place    | Note
-------+----------+-------------------------------------------
     0 | D:1      | Naow the Deep Elf Conjurer began the quest for the Orb.
     0 | D:1      | Reached XP level 1. HP: 10/10 MP: 6/6
   237 | D:1      | Reached skill level 4 in Spellcasting
   237 | D:1      | Reached XP level 2. HP: 12/15 MP: 6/9
   687 | D:2      | Reached XP level 3. HP: 19/19 MP: 1/11
   696 | D:2      | Reached skill level 5 in Spellcasting
  1063 | D:2      | Reached XP level 4. HP: 21/24 MP: 8/13
  1117 | D:3      | Reached skill level 6 in Spellcasting
  1318 | D:3      | Noticed Ijyb
  1330 | D:3      | Killed Ijyb
  1360 | D:3      | Slain by a gnoll

Vault maps used:
D:1:      minmay_arrival_widening_spiral_wide
D:2:      first_bread
D:3:      makhleb_heckhound_becter, uniq_iyjb, uniq_grinder

Skill      XL: |  1  2  3  4 |
---------------+-------------+-----
Spellcasting   | 4 5 6 |  6.7
Dodging        | |  2.4
Stealth        | |  2.4
Conjurations   | |  4.3

Action                   |  1- 3 |  4- 6 || total
-------------------------+-------+-------++-------
 Cast: Magic Dart        |    73 |    37 ||   110
  Eat: Chunk             |       |     1 ||     1
Armor: Robe              |     1 |     3 ||     4
Dodge: Dodged            |     3 |    16 ||    19
